[Event "Late-Titled-Tuesday-Blitz-June-25-2024"]
[Site "Chess.com"]
[Date "2024.06.25"]
[Round "5"]
[White "mac0504"]
[Black "malakismayil"]
[Result "1/2-1/2"]
[WhiteElo "2772"]
[BlackElo "2563"]
[TimeControl "180+1"]
[EndTime "14:53:03 PDT"]
[Termination "Game drawn by repetition"]

1. c4 e5 2. Nc3 Nf6 3. e3 d5 4. cxd5 Nxd5 5. Qc2 Nc6 6. Nf3 Nxc3 7. bxc3 Bd6 8. d4 O-O 9. Be2 Bg4 10. O-O Qe7 11.
Bb2 e4 12. Ne1 Bxe2 13. Qxe2 f5 14. g3 Rae8 15. c4 Qg5 16. c5 Be7 17. d5 Nd8 18.
Rd1 Bxc5 19. Ng2 Bd6 20. Bd4 b6 21. Qa6 Nf7 22. Qxa7 Ra8 23. Qb7 Rxa2 24. Ra1 Rxa1 25. Rxa1 Qe7 26. h4 Nd8 27. Qa6 Qf7 28. Qc4 Nb7 29.
Ra7 Na5 30. Qb5 Qe8 31. Qxb6 cxb6 32. Rxg7+ Kh8 33. Re7+ Kg8 34. Rg7+ Kh8 35. Re7+ Kg8 36. Rg7+ 1/2-1/2

[Event "Late-Titled-Tuesday-Blitz-June-25-2024"]
[Site "Chess.com"]
[Date "2024.06.25"]
[Round "5"]
[White "Davidalhesa2007"]
[Black "Walter_White_Poland"]
[Result "0-1"]
[WhiteElo "1906"]
[BlackElo "2407"]
[TimeControl "180+1"]
[EndTime "14:53:06 PDT"]
[Termination "Walter_White_Poland won by checkmate"]

1. d4 d5 2. Nc3 Nf6 3. Bf4 a6 4. e3 b5 5. Nf3 Bb7 6. a3 e6 7.
b4 Nbd7 8. Bd3 Bd6 9. Ne5 h6 10. O-O Nb6 11. Qf3 Nc4 12. Qg3 g5 13. Bxg5 hxg5 14. Qxg5 Rg8 15. Qh4 Nxe5 16. dxe5 Bxe5 17. Nxb5 Bxa1 18. Rxa1 axb5 19. Bxb5+ Ke7 20. a4 d4 21. f3 dxe3 22. a5 Qd5 23. Be2 Rh8 24. Qe1 Ba6 25. Rd1 Qe5 26. b5 Qxh2+ 27. Kf1 Qh1# 0-1

[Event "Late-Titled-Tuesday-Blitz-June-25-2024"]
[Site "Chess.com"]
[Date "2024.06.25"]
[Round "5"]
[White "crazy_but_lazy"]
[Black "Laico"]
[Result "1/2-1/2"]
[WhiteElo "2632"]
[BlackElo "2458"]
[TimeControl "180+1"]
[EndTime "14:53:07 PDT"]
[Termination "Game drawn by repetition"]

1. e4 e6 2. d4 d5 3. e5 c5 4.
c3 Nc6 5. Nf3 Nge7 6. Bd3 Nf5 7.
Bxf5 exf5 8. Kf1 Be6 9. h4 Be7 10. a3 Rc8 11. b4 cxd4 12. cxd4 O-O 13. Bg5 f6 14. exf6 Bxf6 15. Nbd2 h6 16. Bxf6 Qxf6 17. Nb3 b6 18. Qd2 f4 19. Re1 Bf5 20. Ne5 Nd8 21.
Rc1 Ne6 22. f3 Rxc1+ 23. Nxc1 Rc8 24. Ne2 Rc2 25. Qd1 Rb2 26. Kf2 Rb1 27. Nc1 Rb2+ 28.
Ne2 Rb1 29. Nc1 Rb2+ 30. Ne2 1/2-1/2

[Event "Late-Titled-Tuesday-Blitz-June-25-2024"]
[Site "Chess.com"]
[Date "2024.06.25"]
[Round "5"]
[White "FairChess_on_YouTube"]
[Black "Dedic8"]
[Result "1-0"]
[WhiteElo "3091"]
[BlackElo "2937"]
[TimeControl "180+1"]
[EndTime "14:53:08 PDT"]
[Termination "FairChess_on_YouTube won by resignation"]

1. d4 Nf6 2. c4 e6 3. Nf3 d5 4. e3 c5 5. cxd5 exd5 6. Bb5+ Nc6 7. O-O cxd4 8. exd4 Bd6 9. Re1+ Be6 10. Nc3 O-O 11. Bg5 h6 12. Bh4 Be7 13. Ne5 Rc8 14. Bxc6 bxc6 15.
Na4 Re8 16. Rc1 Qd6 17. Bg3 Ne4 18. Nxc6 Nxg3 19. Nxe7+ Qxe7 20. hxg3 Qb4 21. Rxc8 Rxc8 22. b3 Bg4 23. f3 Bf5 24. Nc5 h5 25. Re2 Qc3 26.
Qd2 Qxd2 27. Rxd2 a5 28. Kf2 Kf8 29. Re2 Rb8 30. Re5 Bb1 31. Nd7+ 1-0

[Event "Late-Titled-Tuesday-Blitz-June-25-2024"]
[Site "Chess.com"]
[Date "2024.06.25"]
[Round "5"]
[White "Dyadya81"]
[Black "yaguigor"]
[Result "1-0"]
[WhiteElo "2781"]
[BlackElo "2559"]
[TimeControl "180+1"]
[EndTime "14:53:08 PDT"]
[Termination "Dyadya81 won on time"]

1. e4 c5 2. Nf3 Nc6 3. Bb5 Nf6 4. Nc3 Qc7 5. O-O Nd4 6. Re1 a6 7. Bc4 e6 8. e5 d5 9. Bf1 Nd7 10. d3 Nxf3+ 11. Qxf3 g6 12. Nxd5 exd5 13. e6 fxe6 14.
Rxe6+ Be7 15. Rxe7+ Kxe7 16. Bg5+ Kd6 17. Bf4+ Kc6 18. Bxc7 Kxc7 19. Qxd5 Re8 20. g3 a5 21. Bg2 Ra6 22. Qc4 Rae6 23. h3 b6 24. a3 Re2 25. b4 Ne5 26. Qf4 Rxc2 27. Re1 Kd6 28. d4 1-0

[Event "Late-Titled-Tuesday-Blitz-June-25-2024"]
[Site "Chess.com"]
[Date "2024.06.25"]
[Round "5"]
[White "Aswathchess"]
[Black "VD_coach"]
[Result "1-0"]
[WhiteElo "2779"]
[BlackElo "2554"]
[TimeControl "180+1"]
[EndTime "14:53:09 PDT"]
[Termination "Aswathchess won by resignation"]

1. Nf3 Nf6 2. c4 g6 3. Nc3 Bg7 4. g3 O-O 5. Bg2 d6 6. O-O e5 7. d4 Nbd7 8. e4 c6 9. h3 exd4 10. Nxd4 a5 11. Re1 Re8 12. Bf4 Ne5 13. b3 Qb6 14. Be3 Qc7 15. Rc1 h5 16. f4 Ned7 17. Bf2 Nc5 18. a3 Be6 19. b4 axb4 20. axb4 Bxc4 21.
bxc5 dxc5 22. Nf3 Nd7 23. e5 Ra3 24. Ne4 Bd5 25. Nfg5 Nxe5 26. fxe5 Rxe5 27. Bxc5 Ra2 28. Rc2 Bb3 29. Rxa2 Bxd1 30. Ra8+ Bf8 31. Bxf8 Ra5 32.
Nf6+ Kh8 33. Rae8 1-0

[Event "Late-Titled-Tuesday-Blitz-June-25-2024"]
[Site "Chess.com"]
[Date "2024.06.25"]
[Round "5"]
[White "anthonydrayton"]
[Black "Roedor"]
[Result "0-1"]
[WhiteElo "2115"]
[BlackElo "2402"]
[TimeControl "180+1"]
[EndTime "14:53:11 PDT"]
[Termination "Roedor won by checkmate"]

1. e4 e5 2. Nf3 Nc6 3. d4 exd4 4. Bc4 Bc5 5. c3 Nf6 6. e5 d5 7. Bb5 Ne4 8. Nxd4 O-O 9. Bxc6 bxc6 10. O-O f6 11.
exf6 Qxf6 12. Be3 Ba6 13. b4 Bxf1 14. Qxf1 Bd6 15. Nf3 Rae8 16. a4 Nxc3 17. Nxc3 Qxc3 18.
Bxa7 Rxf3 19. gxf3 Qe5 20. f4 Qxf4 21. Qh3 Re5 22.
Be3 Qxb4 23. Qc8+ Kf7 24. Qd7+ Kg6 25. Rd1 Qxa4 26. Rd4 Rg5+ 27. Kf1 Qb5+ 28. Ke1 Rg1+ 29. Kd2 Qb2+ 30. Kd3 Rd1+ 31. Bd2 Qxd2# 0-1

[Event "Late-Titled-Tuesday-Blitz-June-25-2024"]
[Site "Chess.com"]
[Date "2024.06.25"]
[Round "5"]
[White "Seppppppy"]
[Black "DanylaBagrov"]
[Result "1-0"]
[WhiteElo "2405"]
[BlackElo "2577"]
[TimeControl "180+1"]
[EndTime "14:53:12 PDT"]
[Termination "Seppppppy won by resignation"]

1. d4 d6 2. c4 e5 3. d5 f5 4. Nc3 Nf6 5. f3 Be7 6. e4 fxe4 7. fxe4 O-O 8. Nf3 Na6 9. Bd3 Nc5 10. Be3 Ng4 11. Bxc5 dxc5 12. Qe2 Bh4+ 13. g3 Nxh2 14. Nxh4 Ng4 15. Nf5 Qg5 16. Qd2 Qxd2+ 17. Kxd2 Bxf5 18. exf5 c6 19. Ne4 Rxf5 20. Raf1 Rxf1 21. Rxf1 cxd5 22.
cxd5 b6 23. d6 h5 24. Bc4+ Kh7 25. Ng5+ Kg6 26. Ne6 Nf6 27. Bd3+ Kf7 28. Ng5+ Ke8 29. Bb5+ Kd8 30. Ne6+ Kc8 31. Rxf6 gxf6 32. Bc6 1-0

[Event "Late-Titled-Tuesday-Blitz-June-25-2024"]
[Site "Chess.com"]
[Date "2024.06.25"]
[Round "5"]
[White "Engima32"]
[Black "akanga001"]
[Result "1-0"]
[WhiteElo "2420"]
[BlackElo "2192"]
[TimeControl "180+1"]
[EndTime "14:53:13 PDT"]
[Termination "Engima32 won by checkmate"]

1. e4 e6 2. d4 d5 3. Nc3 Nf6 4.
Bg5 Be7 5. Bd3 h6 6. Bxf6 Bxf6 7.
e5 Be7 8. Qf3 O-O 9. O-O-O c5 10.
Nge2 Nc6 11. Qe3 c4 12. Bxc4 dxc4 13. d5 exd5 14. Nxd5 Qa5 15. Kb1 Bd8 16. Nec3 Be6 17. Qe4 b5 18. f4 b4 19. Nxb4 Nxb4 20. Qxa8 Bb6 21. Qe4 g6 22. Rd2 Rc8 23. a3 Nc6 24. Rhd1 Bf5 25. Qe2 Qc5 26. h3 h5 27. g4 hxg4 28.
hxg4 Be6 29. Ne4 Qe3 30. Nf6+ Kg7 31. Rh1 Qxe2 32. Rxe2 Rc7 33. Rh7+ Kf8 34. Rh8+ Kg7 35. Rg8+ Kh6 36. g5# 1-0

[Event "Late-Titled-Tuesday-Blitz-June-25-2024"]
[Site "Chess.com"]
[Date "2024.06.25"]
[Round "5"]
[White "ncofre98"]
[Black "th3d4rkness"]
[Result "1-0"]
[WhiteElo "2539"]
[BlackElo "2269"]
[TimeControl "180+1"]
[EndTime "14:53:17 PDT"]
[Termination "ncofre98 won on time"]

1. e4 c5 2. Nf3 Nc6 3. Bb5 g6 4. O-O Bg7 5. Re1 e5 6. c3 a6 7. Bc4 Nh6 8. d4 cxd4 9. cxd4 exd4 10. Bg5 Qb6 11. Qd2 Ng4 12. Na3 O-O 13. h3 Nge5 14. Nxe5 Nxe5 15. Bd5 d6 16. Bh6 Be6 17. Bxg7 Kxg7 18.
f4 Bxd5 19. exd5 Nd7 20. Re7 Nf6 21. Nc4 Qc5 22. Rc1 b5 23. b4 1-0

[Event "Late-Titled-Tuesday-Blitz-June-25-2024"]
[Site "Chess.com"]
[Date "2024.06.25"]
[Round "5"]
[White "JuliaEfremova"]
[Black "boguszp"]
[Result "1-0"]
[WhiteElo "2301"]
[BlackElo "1973"]
[TimeControl "180+1"]
[EndTime "14:53:17 PDT"]
[Termination "JuliaEfremova won on time"]

1. e4 e6 2. Nf3 d5 3. e5 c5 4. b4 cxb4 5. a3 Nc6 6. d4 Qa5 7.
Bd3 b3+ 8. c3 Qb6 9. Bb2 Na5 10.
Nbd2 Bd7 11. O-O Ba4 12. Qe2 Rc8 13. c4 dxc4 14. Nxc4 Nxc4 15. Bxc4 Ne7 16. Rac1 Nc6 17. d5 Na5 18. dxe6 Nxc4 19. exf7+ Kxf7 20. Rxc4 Be7 21. e6+ 1-0

[Event "Late-Titled-Tuesday-Blitz-June-25-2024"]
[Site "Chess.com"]
[Date "2024.06.25"]
[Round "5"]
[White "drdaro"]
[Black "cukricek"]
[Result "0-1"]
[WhiteElo "2314"]
[BlackElo "2495"]
[TimeControl "180+1"]
[EndTime "14:53:19 PDT"]
[Termination "cukricek won by resignation"]

1. Nf3 c5 2. g3 g6 3. Bg2 Bg7 4.
O-O Nc6 5. c3 d5 6. d4 cxd4 7.
cxd4 Nf6 8. Bf4 Ne4 9. Nc3 Nxc3 10. bxc3 O-O 11. Rb1 Na5 12. Ne5 a6 13. e4 Be6 14.
Qc2 Rc8 15. Rfc1 dxe4 16. Bxe4 Bd5 17. Bd3 b5 18. a4 Ba8 19. Re1 bxa4 20. Bxa6 Qd5 21.
f3 Bxe5 22. Rxe5 Qxf3 23. Rc1 Rxc3 24. Qd2 Rxc1+ 0-1

[Event "Late-Titled-Tuesday-Blitz-June-25-2024"]
[Site "Chess.com"]
[Date "2024.06.25"]
[Round "5"]
[White "Javokhir_Sindarov05"]
[Black "SchmakAttack"]
[Result "1-0"]
[WhiteElo "3070"]
[BlackElo "2866"]
[TimeControl "180+1"]
[EndTime "14:53:21 PDT"]
[Termination "Javokhir_Sindarov05 won by resignation"]

1. e4 e6 2. Qe2 c5 3. Nf3 Nc6 4. g3 g6 5. Bg2 Bg7 6. h4 Nf6 7. d3 O-O 8. Na3 d5 9. c3 e5 10. Bg5 dxe4 11. dxe4 h6 12. Bxf6 Qxf6 13. Nc4 Be6 14. Ne3 Ne7 15. h5 Rad8 16. Kf1 Rd7 17. Bh3 Bxh3+ 18. Rxh3 Qe6 19. Kg2 Rfd8 20. Rhh1 a6 21.
Rhd1 Rxd1 22. Rxd1 Rxd1 23. Qxd1 Qxa2 24. Qd8+ Bf8 25.
Nxe5 Qe6 26. Nd7 Qxe4+ 27. Kg1 1-0

[Event "Late-Titled-Tuesday-Blitz-June-25-2024"]
[Site "Chess.com"]
[Date "2024.06.25"]
[Round "5"]
[White "ErikRonka"]
[Black "reevecanada"]
[Result "0-1"]
[WhiteElo "2498"]
[BlackElo "2704"]
[TimeControl "180+1"]
[EndTime "14:53:23 PDT"]
[Termination "reevecanada won on time"]

1. d4 Nf6 2. Nf3 e6 3. g3 b6 4.
Bg2 Bb7 5. O-O c5 6. dxc5 Bxc5 7. c4 O-O 8. Nc3 d5 9. Ne5 Bd6 10. Bf4 Bxe5 11. Bxe5 Nbd7 12. Bf4 Nc5 13. cxd5 Nxd5 14. Nxd5 Bxd5 15. Bxd5 exd5 16. Rc1 Ne6 17. Be5 Qd7 18.
Qb3 Rac8 19. Rfd1 d4 20. Rxc8 Rxc8 21. e3 Nc5 22. Qa3 d3 23. b4 Qg4 24. Rf1 d2 25. f3 Qc4 26. Rd1 Qe2 0-1

[Event "Late-Titled-Tuesday-Blitz-June-25-2024"]
[Site "Chess.com"]
[Date "2024.06.25"]
[Round "5"]
[White "Chessdude1987"]
[Black "manitodeplomo"]
[Result "0-1"]
[WhiteElo "2360"]
[BlackElo "2589"]
[TimeControl "180+1"]
[EndTime "14:53:29 PDT"]
[Termination "manitodeplomo won on time"]

1. e4 e6 2. d4 d5 3. exd5 exd5 4. Nf3 Bg4 5. h3 Bxf3 6. Qxf3 Nf6 7. Bd3 Be7 8. O-O O-O 9. c3 c6 10. Bg5 Nbd7 11. Nd2 Re8 12. Rfe1 Qb6 13. Rab1 Bf8 14. b4 a5 15. a3 axb4 16. axb4 h6 17. Bh4 Qa7 18.
Re3 Qa2 19. Nf1 Rxe3 20. Nxe3 Qd2 21. Nf5 Ra3 22. Qg3 Rxc3 23. Nxh6+ Qxh6 24. Bxf6 Nxf6 25.
Bh7+ Qxh7 26. Qxc3 Qxb1+ 0-1

[Event "Late-Titled-Tuesday-Blitz-June-25-2024"]
[Site "Chess.com"]
[Date "2024.06.25"]
[Round "5"]
[White "hansen"]
[Black "Meri-Arabidze"]
[Result "1-0"]
[WhiteElo "2983"]
[BlackElo "2693"]
[TimeControl "180+1"]
[EndTime "14:53:31 PDT"]
[Termination "hansen won by resignation"]

1. c4 Nf6 2. Nc3 e5 3. Nf3 Nc6 4. e3 d5 5. cxd5 Nxd5 6. Qc2 Be7 7. Bb5 f6 8. d4 Nxc3 9. bxc3 O-O 10. O-O Bg4 11. Rb1 Bxf3 12. gxf3 Bd6 13. Qf5 Ne7 14. Qh3 b6 15. Bd3 f5 16. Rd1 Qe8 17. f4 exf4 18.
e4 Qg6+ 19. Kh1 fxe4 20. Rg1 Qf5 21. Qg2 Qf6 22. Qxe4 Ng6 23. Qd5+ Kh8 24. Qh5 Kg8 25. Bc4+ Kh8 26. Bd3 Kg8 27. Rg5 Rae8 28. Bd2 f3 29. Bc4+ Kh8 30. Qxh7+ 1-0

[Event "Late-Titled-Tuesday-Blitz-June-25-2024"]
[Site "Chess.com"]
[Date "2024.06.25"]
[Round "5"]
[White "ArmanGhevondyanchess"]
[Black "MaxLeto"]
[Result "1-0"]
[WhiteElo "2609"]
[BlackElo "2434"]
[TimeControl "180+1"]
[EndTime "14:53:32 PDT"]
[Termination "ArmanGhevondyanchess won by resignation"]

1. Nf3 d5 2. g3 c6 3. Bg2 Nf6 4.
O-O Bf5 5. d4 e6 6. c4 Nbd7 7.
b3 h6 8. Bb2 Be7 9. Nc3 O-O 10.
Nd2 dxc4 11. Nxc4 Nb6 12. Ne5 Nbd5 13. Na4 Bh7 14. Rc1 Rc8 15. Nc5 b6 16. Ncd3 Qd6 17. Qe1 c5 18. dxc5 bxc5 19. Qa5 Qb6 20. Qa4 Rfd8 21.
e4 Nb4 22. Nxb4 cxb4 23. Nc6 Rd7 24. Nxe7+ Rxe7 25. Rxc8+ 1-0

[Event "Late-Titled-Tuesday-Blitz-June-25-2024"]
[Site "Chess.com"]
[Date "2024.06.25"]
[Round "5"]
[White "hoshiboshi"]
[Black "duone"]
[Result "1-0"]
[WhiteElo "2253"]
[BlackElo "2372"]
[TimeControl "180+1"]
[EndTime "14:53:34 PDT"]
[Termination "hoshiboshi won by resignation"]

1. e4 c5 2. Nf3 e6 3. d4 cxd4 4. Nxd4 Nc6 5. Nc3 a6 6. Nxc6 bxc6 7. Bd3 Nf6 8. e5 Nd5 9. Ne4 Qc7 10. f4 Rb8 11. c4 Bb4+ 12. Ke2 Nb6 13. c5 Nd5 14. a3 Qa5 15. Rb1 Bxc5 16. b4 Nxb4 17. axb4 Bxb4 18. Bd2 O-O 19. Bxb4 Rxb4 20. Qd2 Rxb1 21.
Rxb1 Qd5 22. Bc2 Qc4+ 23. Qd3 Qa2 24. Nf6+ 1-0

[Event "Late-Titled-Tuesday-Blitz-June-25-2024"]
[Site "Chess.com"]
[Date "2024.06.25"]
[Round "5"]
[White "Zura_19"]
[Black "RaugintaBulba"]
[Result "0-1"]
[WhiteElo "2606"]
[BlackElo "2464"]
[TimeControl "180+1"]
[EndTime "14:53:35 PDT"]
[Termination "RaugintaBulba won on time"]

1. d4 Nf6 2. Nf3 c5 3. e3 g6 4. Bd3 Bg7 5. c3 O-O 6. O-O b6 7. e4 Bb7 8. e5 Nd5 9. a3 cxd4 10. cxd4 d6 11. Re1 dxe5 12. dxe5 Nc7 13. Nc3 Nd7 14. Bf4 Nc5 15. Bc2 N7e6 16. Bg3 Qc7 17. b4 Rfd8 18. Qe2 Bxf3 19. Qxf3 Nd4 20. Qd1 Nce6 21. Re3 Bh6 22. Rd3 Rac8 23. Ba4 a6 24. Ne4 b5 25. Bb3 Nxb3 26.
Rxd8+ Qxd8 27. Qxb3 Qd4 0-1

[Event "Late-Titled-Tuesday-Blitz-June-25-2024"]
[Site "Chess.com"]
[Date "2024.06.25"]
[Round "5"]
[White "chesspilot01"]
[Black "ivanquiroga"]
[Result "1-0"]
[WhiteElo "2333"]
[BlackElo "2493"]
[TimeControl "180+1"]
[EndTime "14:53:35 PDT"]
[Termination "chesspilot01 won by resignation"]

1. e4 e5 2. Nf3 Nc6 3. Bc4 Bc5 4. c3 Nf6 5. d3 O-O 6. O-O a6 7.
a4 h6 8. Nbd2 Be7 9. Re1 d6 10.
Nf1 Be6 11. Ng3 Re8 12. Bxe6 fxe6 13. Qb3 Qd7 14. d4 exd4 15. Nxd4 Kh8 16. Qxe6 Nxd4 17. Qxd7 Nf3+ 18. gxf3 Nxd7 19. f4 Bf6 20. Be3 Bh4 21. Bd4 c5 22. Bxg7+ Kxg7 23. Nf5+ Kh7 24. Nxh4 Nf6 25. f3 Nh5 26. f5 Nf4 27. Rad1 Rg8+ 28.
Kh1 Rad8 29. Rg1 Nh3 30. Rg2 Nf4 31. Rxg8 Rxg8 32. Rxd6 Nh3 33. Ng6 Rg7 34. Kg2 Nf4+ 35. Kg3 Ne2+ 36. Kf2 Nc1 37. Rd7 Rxd7 38. Nf8+ Kg7 39. Nxd7 Nd3+ 40. Ke3 c4 41. e5 Nxb2 42. e6 Nxa4 43. f6+ Kg8 44. f7+ 1-0

[Event "Late-Titled-Tuesday-Blitz-June-25-2024"]
[Site "Chess.com"]
[Date "2024.06.25"]
[Round "5"]
[White "KChor05"]
[Black "Alexander_Khlebovich"]
[Result "0-1"]
[WhiteElo "2617"]
[BlackElo "2827"]
[TimeControl "180+1"]
[EndTime "14:53:37 PDT"]
[Termination "Alexander_Khlebovich won by resignation"]

1. e4 c5 2. Nf3 d6 3. d4 cxd4 4. Nxd4 Nf6 5. Nc3 a6 6. Be2 e5 7.
Nb3 Be7 8. Be3 Be6 9. Nd5 Nbd7 10.
Qd3 Bxd5 11. exd5 b6 12. O-O Nc5 13. Nxc5 bxc5 14. c4 O-O 15. Rab1 a5 16. b3 Nd7 17.
Bg4 g6 18. Bh6 Re8 19. f4 e4 20. Qh3 Nf6 21. f5 Nxg4 22. fxg6 hxg6 23. Qxg4 Bf6 24.
Rbe1 Qe7 25. Be3 Bd4 26. h4 Qe5 27. Kh1 Kg7 28. Bg5 f5 29. Qh3 Rh8 30. g4 Raf8 31.
Bf4 Qe7 32. Bg5 Qxg5 0-1

[Event "Late-Titled-Tuesday-Blitz-June-25-2024"]
[Site "Chess.com"]
[Date "2024.06.25"]
[Round "5"]
[White "PhileKhoob"]
[Black "TERMINATOR_PC"]
[Result "0-1"]
[WhiteElo "2364"]
[BlackElo "2597"]
[TimeControl "180+1"]
[EndTime "14:53:37 PDT"]
[Termination "TERMINATOR_PC won by resignation"]

1. Nf3 g6 2. g3 Bg7 3. d4 d6 4. Bg2 Nf6 5. O-O O-O 6. b3 a5 7.
c4 a4 8. Bb2 axb3 9. axb3 Rxa1 10. Bxa1 c6 11. Nc3 Qc7 12. Qc1 Na6 13. e4 e5 14. dxe5 dxe5 15. Bb2 Bg4 16. Nxe5 Qxe5 17. Nd5 Qe6 18. Ne3 Bh3 19. Nf5 Bxf5 20. exf5 Qxf5 21.
Rd1 Nc5 22. Qe3 Re8 23. Qd4 Nh5 24. Qd2 Bxb2 25. Qxb2 Nf6 26. b4 Nd3 27. Qd2 Ne5 28. c5 Nf3+ 29. Bxf3 Qxf3 30. Re1 Rxe1+ 31. Qxe1 Qe4 32. Qd2 Nd5 33. Qg5 Qxb4 34. Qd8+ Kg7 35. Qd6 Qe1+ 36. Kg2 Qe4+ 37. Kg1 Qe6 38. Qb8 Qe7 39.
Qc8 h5 40. h4 Nf6 41. Kg2 Ne4 0-1

[Event "Late-Titled-Tuesday-Blitz-June-25-2024"]
[Site "Chess.com"]
[Date "2024.06.25"]
[Round "5"]
[White "IndianSchoolOfSuffering"]
[Black "MaestroCheck"]
[Result "0-1"]
[WhiteElo "2493"]
[BlackElo "2644"]
[TimeControl "180+1"]
[EndTime "14:53:38 PDT"]
[Termination "MaestroCheck won by checkmate"]

1. e4 c5 2. Nf3 e6 3. d4 cxd4 4. Nxd4 Nf6 5. Nc3 Nc6 6. Ndb5 Bb4 7. a3 Bxc3+ 8. Nxc3 d5 9. exd5 exd5 10. Bd3 O-O 11.
O-O Bg4 12. f3 Bh5 13. Kh1 Bg6 14. Bg5 d4 15. Ne4 Re8 16. b4 a6 17. Rb1 Ne5 18.
Qd2 Nxe4 19. Bxe4 Qb6 20. Bxg6 hxg6 21. Rbd1 f6 22. Bf4 Rad8 23. Bxe5 Rxe5 24. c4 d3 25. c5 Qe6 26. Rfe1 Rd4 27. Rxe5 Qxe5 28. Re1 Qd5 29. Kg1 Rc4 30. Re3 Qd4 31. Qxd3 Rc1+ 32.
Kf2 Qh4+ 33. Ke2 Qe1# 0-1

[Event "Late-Titled-Tuesday-Blitz-June-25-2024"]
[Site "Chess.com"]
[Date "2024.06.25"]
[Round "5"]
[White "Quattroporte300"]
[Black "bazar-wokzal"]
[Result "0-1"]
[WhiteElo "2434"]
[BlackElo "2609"]
[TimeControl "180+1"]
[EndTime "14:53:39 PDT"]
[Termination "bazar-wokzal won by checkmate"]

1. e4 Nc6 2. Nf3 d5 3. exd5 Qxd5 4. Nc3 Qa5 5. d4 Bg4 6. Bb5 O-O-O 7. Bxc6 bxc6 8. h3 Qh5 9. Be3 e6 10. Qe2 Bxf3 11.
gxf3 Bb4 12. Qa6+ Kd7 13. Qe2 Bxc3+ 14. bxc3 Ne7 15. c4 Rb8 16. Bd2 Rhd8 17. Kf1 Ke8 18. c3 Rb2 19. Kg2 Rdb8 20. Kh2 Nf5 21. Rhg1 Rc2 22.
Rab1 Rxb1 23. Rxb1 Nh4 24. Rb8+ Kd7 25. Kg3 Nxf3 26.
Qxf3 Qxf3+ 27. Kxf3 Rxd2 28. a4 Rd3+ 29. Ke4 Rxc3 30.
c5 Rxh3 31. Ra8 Ra3 32. Rxa7 h5 33. f3 g5 34. Ra8 Ke7 35. f4 f5+ 36. Ke5 Re3# 0-1

[Event "Late-Titled-Tuesday-Blitz-June-25-2024"]
[Site "Chess.com"]
[Date "2024.06.25"]
[Round "5"]
[White "jinxy2009"]
[Black "pinelone"]
[Result "0-1"]
[WhiteElo "2260"]
[BlackElo "2434"]
[TimeControl "180+1"]
[EndTime "14:53:40 PDT"]
[Termination "pinelone won by resignation"]

1. c4 b6 2. Nf3 Bb7 3. g3 Bxf3 4. exf3 c5 5. Bg2 Nc6 6. O-O g6 7. Nc3 Bg7 8. f4 h5 9. d3 h4 10. Be3 Nh6 11. Rb1 Nf5 12. a3 hxg3 13. hxg3 Bd4 14. Bxd4 Nfxd4 15. b4 Rc8 16. b5 Na5 17. Ne2 Nxe2+ 18.
Qxe2 e6 19. Rfe1 Qf6 20. Qe5 Qxe5 21. Rxe5 Ke7 22. g4 Rh4 23. Bf3 Rch8 24. Ree1 f5 25. Kf1 fxg4 26. Be4 Kf6 27. Ke2 Rh2 28. Rg1 R8h4 29. Ke3 R2h3+ 30. f3 g3 31. Rg2 Rh5 32. Rbg1 d5 33. Rxg3 Rxg3 34. Rxg3 dxe4 35. fxe4 Nb3 36. e5+ Kf7 37. Ke4 Rh2 38. a4 Nd4 39. Re3 Nf5 40. Rf3 Re2+ 0-1

[Event "Late-Titled-Tuesday-Blitz-June-25-2024"]
[Site "Chess.com"]
[Date "2024.06.25"]
[Round "5"]
[White "WindWhistler11"]
[Black "BerlinDrawer"]
[Result "0-1"]
[WhiteElo "2450"]
[BlackElo "2631"]
[TimeControl "180+1"]
[EndTime "14:53:42 PDT"]
[Termination "BerlinDrawer won on time"]

1. Nf3 c6 2. g3 d5 3. b3 Bf5 4. Bb2 e6 5. Bg2 Nf6 6. d3 Nbd7 7. Nbd2 Bd6 8. Nh4 Bg6 9. Nxg6 hxg6 10. e3 e5 11. Qe2 Qe7 12. h3 Ba3 13. Bxa3 Qxa3 14. O-O a5 15. c4 O-O 16. Nb1 Qd6 17. cxd5 cxd5 18. Nc3 Rfc8 19. Rfc1 Rc6 20. Nb5 Qb4 21. d4 e4 22. Bf1 Rac8 23. Qb2 g5 24. a3 Qe7 25.
Na7 Rxc1 26. Rxc1 Rb8 27. Rc7 Ne8 28. Rc8 Rxc8 29. Nxc8 Qd8 30. Qc3 g6 31. a4 Nb8 32.
Bb5 Nc6 33. Bxc6 Qxc8 34. Qxa5 Qxc6 35. b4 Nf6 36. b5 Qd7 37. Qb6 Kg7 38. g4 Qc8 39. a5 Qc1+ 40. Kg2 Qd1 41. a6 Qf3+ 42. Kf1 Qxh3+ 43. Ke1 Qh1+ 44. Kd2 Qg2 0-1

[Event "Late-Titled-Tuesday-Blitz-June-25-2024"]
[Site "Chess.com"]
[Date "2024.06.25"]
[Round "5"]
[White "NigiriSushies"]
[Black "Boudicca64"]
[Result "1-0"]
[WhiteElo "2299"]
[BlackElo "1936"]
[TimeControl "180+1"]
[EndTime "14:53:43 PDT"]
[Termination "NigiriSushies won on time"]

1. Nf3 Nf6 2. g3 g6 3. Bg2 Bg7 4. O-O O-O 5. c4 c5 6. Nc3 Nc6 7. d4 d6 8. dxc5 dxc5 9. Be3 Qa5 10. Bd2 Qa6 11. Nb5 Qb6 12. Bf4 Ne8 13. Qc2 a6 14. Nc3 Nb4 15. Qc1 Nd6 16. a3 Nc6 17. Nd5 Qxb2 18. Rb1 Qxc1 19. Rfxc1 e5 20. Be3 Nd4 21. Bxd4 exd4 22. Ne7+ Kh8 23. Nxc8 Raxc8 24. Ng5 h6 25. Ne4 Nxe4 26. Bxe4 b5 27. cxb5 axb5 28. Rxb5 c4 29.
a4 c3 30. a5 Rb8 31. Rxb8 Rxb8 32. a6 f5 33. a7 Re8 34. a8=Q 1-0

[Event "Late-Titled-Tuesday-Blitz-June-25-2024"]
[Site "Chess.com"]
[Date "2024.06.25"]
[Round "5"]
[White "ReinisUz"]
[Black "dropstoneDP"]
[Result "0-1"]
[WhiteElo "2457"]
[BlackElo "3011"]
[TimeControl "180+1"]
[EndTime "14:53:45 PDT"]
[Termination "dropstoneDP won by resignation"]

1. c4 e5 2. Nc3 Nf6 3. g3 Bb4 4.
Bg2 O-O 5. e4 Bxc3 6. bxc3 c6 7.
Ne2 d5 8. cxd5 cxd5 9. exd5 Nxd5 10. O-O Nc6 11. Bb2 Bg4 12. Re1 Qd7 13. Qb3 Rad8 14.
d4 Na5 15. Qc2 Bf5 16. Qc1 Bh3 17. dxe5 Bxg2 18. Kxg2 Nc4 19. Nd4 Rfe8 20. Ba3 Nxe5 21. Qg5 f6 22. Qh5 g6 23. Qh4 Nxc3 24. Bb2 Qd5+ 25. f3 g5 26. Qh6 Qxd4 27. Qxf6 Qd2+ 28. Kh3 Qd7+ 29. g4 Nd5 30. Qxg5+ Ng6 31. Rxe8+ Rxe8 32. Rd1 Nf4+ 33. Qxf4 Nxf4+ 0-1

[Event "Late-Titled-Tuesday-Blitz-June-25-2024"]
[Site "Chess.com"]
[Date "2024.06.25"]
[Round "5"]
[White "Arystanner"]
[Black "Leebit02"]
[Result "1-0"]
[WhiteElo "2816"]
[BlackElo "2588"]
[TimeControl "180+1"]
[EndTime "14:53:46 PDT"]
[Termination "Arystanner won by checkmate"]

1. e4 e5 2. Nf3 Nc6 3. Nc3 Nf6 4.
d4 exd4 5. Nxd4 Bb4 6. Nxc6 bxc6 7. Bd3 d5 8. Bd2 O-O 9. O-O Re8 10. Nxd5 Nxd5 11. exd5 Bxd2 12. Qxd2 cxd5 13. b4 Bb7 14. a4 Qd6 15. b5 c5 16. Rfe1 g6 17. a5 d4 18.
Rxe8+ Rxe8 19. Re1 Rxe1+ 20. Qxe1 Qd5 21. Bf1 c4 22. a6 Ba8 23. Qe8+ Kg7 24. Qc8 c3 25. f3 f5 26. Qc7+ Qf7 27. Qe5+ Qf6 28. Qb8 Bd5 29. Qxa7+ Kh6 30. Qc5 Qe5 31. h3 Qe3+ 32. Kh2 Qf4+ 33. Kh1 Qc1 34. Qxd5 Qxf1+ 35. Kh2 d3 36. a7 dxc2 37. a8=Q c1=Q 38. Qf8+ Kh5 39.
g4+ Kg5 40. Qdxf5+ gxf5 41. Qxf5+ Kh6 42. Qf6# 1-0